 Dungeon Crawl Stone Soup version 0.25-a0-1133-g93ebf739aa (webtiles) character file.

Game seed: 13942347008203515692, levelgen mode: deterministic

148 Essalna the Firebug (level 5, -1/28 HPs)
             Began as a Gargoyle Fire Elementalist on May 21, 2020.
             Slain by Crazy Yiuf
             ... wielding a +2 quarterstaff of chaos
              (2 damage)
             ... on level 3 of the Dungeon.
             The game lasted 00:07:52 (3817 turns).

Essalna the Firebug (Gargoyle Fire Elementalist)    Turns: 3817, Time: 00:07:53

Health: -1/28      AC:  6    Str: 12    XL:     5   Next: 30%
Magic:  0/9        EV: 12    Int: 16    God:
Gold:   313        SH:  5    Dex: 10    Spells: 5/10 levels left

rFire    . . .     SeeInvis .   b - +0 dagger
rCold    . . .     Gourm    .   (no shield)
rNeg     + . .     Faith    .   a - +0 robe
rPois    ∞         Spirit   .   (no helmet)
rElec    +         Reflect  +   i - scarf {repulsion}
rCorr    .         Harm     .   (no gloves)
MR       .....                  (no boots)
Stlth    ++........             j - amulet of reflection
HPRegen  0.09/turn              o - ring of stealth
MPRegen  0.11/turn              u - ring of attention (curse)

@: very slightly contaminated, repel missiles
A: negative energy resistance 1, electricity resistance, unbreathing,
petrification resistance, rot immunity, AC +4
a: no special abilities


You were on level 3 of the Dungeon.
You were hungry.

You visited 1 branch of the dungeon, and saw 3 of its levels.

You collected 313 gold pieces.

Inventory:

Hand Weapons
 b - a +0 dagger (weapon)
Armour
 a - a +0 robe (worn)
 i - a scarf of repulsion (worn)
 r - a +0 cloak
Jewellery
 j - an amulet of reflection (around neck)
 o - a ring of stealth (left hand)
 u - a cursed ring of attention (right hand)
Scrolls
 e - 2 scrolls of immolation {unknown}
 h - 3 scrolls of remove curse {unknown}
 k - 4 scrolls of identify {unknown}
 p - a scroll of enchant weapon {unknown}
 q - 4 scrolls of teleportation {unknown}
 s - 2 scrolls of amnesia {unknown}
 t - a scroll of fear {unknown}
Potions
 d - 2 potions of heal wounds {unknown}
 f - 4 potions of curing {unknown}
 g - a potion of haste {unknown}
 l - a potion of brilliance {unknown}
 m - a potion of lignification {unknown}
 n - 2 potions of magic {unknown}
 v - a potion of flight {unknown}
 w - 2 potions of cancellation {unknown}
Comestibles
 c - 3 rations


   Skills:
 + Level 0.8 Fighting
 + Level 1.0 Armour
 - Level 1.5 Dodging
 - Level 2.1 Stealth
 + Level 3.1 Spellcasting
 + Level 3.0 Conjurations
 + Level 4.0 Fire Magic


You had 5 spell levels left.
You knew the following spells:

 Your Spells              Type           Power        Failure   Level  Hunger
a - Foxfire               Conj/Fire      ##..         4%          1    None
b - Sticky Flame          Conj/Fire      ##......     41%         4    ####...

Your spell library contained the following spells:

 Spells                   Type           Power        Failure   Level  Hunger
 Conjure Flame            Conj/Fire      ##......     13%         3    ###....
 Inner Flame              Hex/Fire       #.......     24%         3    ###....
 Fireball                 Conj/Fire      ##........   77%         5    ######.


Dungeon Overview and Level Annotations

Branches:
Dungeon (3/15)

Altars:
Gozag

Annotations:
D:3 Crazy Yiuf


Innate Abilities, Weirdness & Mutations

You are resistant to torment.
Your stone body is resilient. (AC +4)
You are immune to poison.
You resist negative energy. (rN+)
You are resistant to electric shocks. (rElec)
You can survive without breathing.
You are immune to petrification.
You are immune to rotting.


Message History

Casting: Sticky Flame (potentially lethal; 41% risk of failure)
Confirm with . or Enter, or press ? or * to list all spells.
The spell is potentially lethal to cast (41% risk of failure)!
Continue anyway? [Y]es or [N]o only, please.
The spell is potentially lethal to cast (41% risk of failure)!
Continue anyway?
Aiming: Sticky Flame (potentially lethal; 41% risk of failure)
Press: ? - help, Shift-Dir - straight line, f/p - Crazy Yiuf
Aim: Crazy Yiuf, wielding a +2 quarterstaff of chaos and wearing a +0 cloak (moderately wounded)
The sticky flame hits Crazy Yiuf.
Crazy Yiuf is moderately wounded.
Crazy Yiuf is covered in liquid flames!
You are feeling hungry.
Crazy Yiuf burns!
Crazy Yiuf barely misses you.
You hit Crazy Yiuf but do no damage.
Crazy Yiuf is heavily wounded.
Crazy Yiuf burns!
Crazy Yiuf hits you with a +2 quarterstaff of chaos!
* * * LOW HITPOINT WARNING * * *
Crazy Yiuf freezes you.
You die...

#....#.##.........#
#.##..# #...#
#..#.#.##########.#
#.##..# #....
#..#.#.# #.#
#.##..# #....
#..#.#.# ###
#####.# ###..
#..#...# #># #..
#..##.####♣♣♣♣♣ ###
#..
#####..#....♣.♣♣♣
### ###
##.......♣.v♣#...#
#......♣♣♣♣@g...#
##...♣♣♣ ♣♣#..)#
####♣ ### # # # # #
##


You could see Crazy Yiuf (burning).

Vanquished Creatures
  An orc wizard (D:3)
  3 adders
  An ooze (D:3)
  2 worms (D:2)
  2 dart slugs (D:1)
  A leopard gecko (D:1)
  5 orcs (D:3)
  8 ball pythons
  7 bats
  2 giant cockroaches
  8 goblins
  10 hobgoblins
  3 jackals (D:1)
  4 quokkas
  2 frilled lizards
  5 kobolds (D:1)
  4 rats
68 creatures vanquished.

Vanquished Creatures (others)
  190 foxfires
190 creatures vanquished.

Grand Total: 258 creatures vanquished

Notes
Turn   | Place    | Note
-------+----------+-------------------------------------------
     0 | D:1      | Essalna the Gargoyle Fire Elementalist began the quest for
                  | the Orb.
     0 | D:1      | Reached XP level 1. HP: 10/10 MP: 3/3
   270 | D:1      | Reached XP level 2. HP: 15/15 MP: 1/5
   685 | D:1      | Reached XP level 3. HP: 19/19 MP: 2/6
  1577 | D:2      | Reached XP level 4. HP: 22/24 MP: 0/8
  2532 | D:3      | Reached XP level 5. HP: 28/28 MP: 0/9
  2611 | D:3      | Reached skill level 4 in Fire Magic
  2877 | D:3      | Found an opulent altar of Gozag.
  3296 | D:3      | Found a runed translucent door.
  3297 | D:3      | Noticed Crazy Yiuf
  3351 | D:3      | Learned a level 4 spell: Sticky Flame
  3552 | D:3      | Reached skill level 1 in Armour
  3817 | D:3      | HP: 1/28 [Crazy Yiuf/+2 quarterstaff of chaos (11)]
  3817 | D:3      | Slain by Crazy Yiuf

Illustrated notes

Levels and vault maps discovered:
D:1:      psy_arrival_dodecagon, layout_rooms
D:2:      layout_rooms, minmay_snake_closets
D:3:      layout_basic, lemuel_coloured_pillars_altar, serial_aquarium,
          aquarium_bridge_square [aquarium_subvault_wall,
          aquarium_subvault_bridge, aquarium_subvault_balcony,
          aquarium_subvault_bridge], aquarium_bridge_square
          [aquarium_subvault_wall, aquarium_subvault_bridge,
          aquarium_subvault_window, aquarium_subvault_wall], aquarium_window_2,
          aquarium_window_fake, aquarium_view_2e, aquarium_balcony_3b,
          aquarium_pool_2, uniq_crazy_yiuf_cottage

Skill      XL: |  1  2  3  4  5 |
---------------+----------------+-----
Conjurations   | 2 3 |  3.0
Spellcasting   | 3 |  3.1
Fire Magic     | 4 |  4.0
Armour         | 1 |  1.0
Fighting       | |  0.8
Dodging        | |  1.5
Stealth        | |  2.1

Action                   |  1- 3 |  4- 6 || total
-------------------------+-------+-------++-------
Melee: Dagger            |    43 |    85 ||   128
       Unarmed           |     2 |       ||     2
 Cast: Foxfire           |    85 |    52 ||   137
       Sticky Flame      |       |     1 ||     1
  Eat: Chunk             |     3 |     7 ||    10
Armor: Robe              |    27 |    29 ||    56
Dodge: Dodged            |    58 |    42 ||   100
       Repelled          |     1 |       ||     1
Block: Other             |       |    14 ||    14

Table legend:
 A = Non-vault XP
 B = Vault XP
 C = Vault XP percentage of total XP
 D = Non-vault monster count
 E = Vault monster count
 F = Vault count percentage of total count
                 A         B        C        D         E       F
            +---------+---------+-------+---------+---------+-------
      Total |     189 |      23 |  10.8 |      60 |       8 |  11.8
            +---------+---------+-------+---------+---------+-------
        D:1 |      59 |       0 |   0.0 |      32 |       0 |   0.0
        D:2 |      41 |      23 |  35.9 |      13 |       8 |  38.1
        D:3 |      89 |       0 |   0.0 |      15 |       0 |   0.0
            +---------+---------+-------+---------+---------+-------
